 Dungeon Crawl Stone Soup version 0.22-a0-596-gfbd32a6 (webtiles) character file.

392 sking99 the Insei (level 6, 0/39 HPs)
             Began as an Octopode Transmuter on July 5, 2018.
             Was a Believer of Cheibriados.
             Slain by an orc (5 damage)
             ... on level 4 of the Dungeon.
             The game lasted 00:07:41 (3701 turns).

sking99 the Insei (Octopode Transmuter)             Turns: 3701, Time: 00:07:42

Health: 0/39       AC:  2    Str: 14    XL:     6   Next: 81%
Magic:  2/10       EV: 21    Int: 20    God:    Cheibriados [**....]
Gold:   142        SH:  0    Dex: 22    Spells: 5/11 levels left

rFire    . . .     SeeInvis .     - Unarmed
rCold    . . .     Gourm    .   (shield currently unavailable)
rNeg     . . .     Faith    .   (helmet currently unavailable)
rPois    x         Spirit   .   (no amulet)
rElec    .         Reflect  .   g - -2 ring of slaying (curse)
rCorr    .         Harm     .   (no ring)
MR       .....                  (no ring)
Stlth    ++........             (no ring)
HPRegen  0.13/turn              (no ring)
MPRegen  0.12/turn              (no ring)
                                (no ring)
                                (no ring)

@: spider-form, very slightly contaminated, very slow
A: tiny, almost no armour, stealthy swim, (amphibious), 8 rings, (constrict 8)
a: End Transformation, Bend Time, Renounce Religion


You were on level 4 of the Dungeon.
You worshipped Cheibriados.
Cheibriados was pleased with you.
You were very hungry.
You were a venomous arachnid creature.
You visited 1 branch of the dungeon, and saw 4 of its levels.

You collected 142 gold pieces.

Inventory:

Missiles
 a - 4 arrows
Jewellery
 g - a cursed -2 ring of slaying (left front leg)
Scrolls
 q - a scroll of immolation
Potions
 b - a potion of resistance {unknown}
 d - a potion of invisibility
 h - a potion of mutation {unknown}
 i - a potion of berserk rage {unknown}
 j - 2 potions of degeneration
 o - a potion of heal wounds
Comestibles
 c - 6 rations


   Skills:
 - Level 1.7 Fighting
 + Level 2.4 Dodging
 * Level 5.6 Unarmed Combat
 - Level 3.0 Spellcasting
 + Level 3.2 Transmutations
 - Level 2.0 Poison Magic


You had 5 spell levels left.
You knew the following spells:

 Your Spells              Type           Power        Failure   Level  Hunger
a - Beastly Appendage     Tmut           ###...       12%         1    None
b - Sticks to Snakes      Tmut           ###.....     16%         2    ##.....
c - Spider Form           Tmut/Pois      ##........   32%         3    ###....

Your spell library contained the following spells:

 Spells                   Type           Power        Failure   Level  Hunger
 Blade Hands              Tmut           ###.......   87%         5    ######.
 Ice Form                 Ice/Tmut       #.......     78%         4    ####...


Dungeon Overview and Level Annotations

Branches:
Dungeon (4/15)
 Temple: D:4-7

Altars:
Cheibriados
Dithmenos
Okawaru
Qazlal
Vehumet
Wu Jian
The Shining One


Innate Abilities, Weirdness & Mutations

You cannot wear most types of armour.
You are very stealthy in the water. (Stealth+)
((You are amphibious.))
You can wear up to eight rings at the same time.
((You can use your tentacles to constrict eight enemies at once.))
((Your skin changes colour to match your surroundings (Stealth+).))
((Your rubbery body absorbs attacks. (AC +1, EV +1)))


Message History

The orc wizard hits you with a dagger. The orc hits you with a mace.
* * * LOW HITPOINT WARNING * * *
You hit the orc wizard but do no damage.
The orc wizard looks as sick as possible!
The orc wizard is almost dead.
You kill the orc wizard!
Cheibriados appreciates the change of pace.
The orc barely misses you. The orc hits you with a mace.
* * * LOW HITPOINT WARNING * * *
The flow of time bends around you.
Cheibriados rebukes the orc.
The orc seems to slow down.
Cheibriados rebukes the orc.
The orc seems to slow down.
You feel slightly more hungry. The orc misses you.
You hit the orc.
You kill the orc!
You hit the orc.
The orc is poisoned.
The orc is lightly wounded.
The orc hits you.
You die...

#.#.####.#..#.#.#.#
#.#.# #.#..#.#.#.#
#.#.# #.#..#.#.#.#
#.#.####.####.#...#
#.
#.#.#.........#####
#.#.
#.#.#......####
.#.#. #.#.#.....)#
#.#.###.# #......#
.#.#.##.# #.....s#
#)#.###.#
#....))o......
.#.#.##.#
#.....###.....
#.#.###.# #.....#
.... .#.#.##.#
#.....# ...
#.#.###.# #.....#
.. .#.#.##.#
###.... # #<#.###.#
#... .#.#.##.#


You could see an orc.

Vanquished Creatures
  A scorpion (D:2)
  A hound (D:2)
  A bullfrog skeleton (D:4)
  An orc priest (D:3)
  3 orc wizards
  Terence (D:3)
  3 gnolls (D:3)
  2 adders (D:3)
  3 worms (D:3)
  A dart slug (D:1)
  3 leopard geckos
  5 orcs
  3 giant cockroaches
  6 goblins
  6 hobgoblins
  8 jackals
  5 kobolds
  11 bats
  3 frilled lizards
  5 rats
72 creatures vanquished.

Vanquished Creatures (collateral kills)
  3 adders (D:2)
3 creatures vanquished.

Vanquished Creatures (others)
  A gnoll (D:1)
  A frilled lizard (D:1)
2 creatures vanquished.

Grand Total: 77 creatures vanquished

Notes
Turn   | Place    | Note
-------+----------+-------------------------------------------
     0 | D:1      | sking99 the Octopode Transmuter began the quest for the Orb.
     0 | D:1      | Reached XP level 1. HP: 13/13 MP: 3/3
   424 | D:1      | Reached XP level 2. HP: 18/18 MP: 3/5
  1101 | D:2      | Learned a level 2 spell: Sticks to Snakes
  1120 | D:2      | Reached XP level 3. HP: 7/23 MP: 6/6
  1375 | D:2      | Reached skill level 4 in Unarmed Combat
  1669 | D:2      | Learned a level 3 spell: Spider Form
  1925 | D:2      | Found an iron altar of Okawaru.
  1926 | D:2      | Found a snail-covered altar of Cheibriados.
  1927 | D:2      | Found a shadowy altar of Dithmenos.
  1927 | D:2      | Found a radiant altar of Vehumet.
  1927 | D:2      | Found a glowing golden altar of the Shining One.
  1928 | D:2      | Found an ornate altar of the Wu Jian Council.
  1930 | D:2      | Found a stormy altar of Qazlal.
  1937 | D:2      | Became a worshipper of Cheibriados the Contemplative
  1993 | D:2      | Noticed a scorpion
  2001 | D:2      | Killed a scorpion
  2001 | D:2      | Reached skill level 1 in Poison Magic
  2001 | D:2      | Reached XP level 4. HP: 29/29 MP: 1/7
  2083 | D:2      | You fall through a shaft for 2 floors!
  2262 | D:3      | Reached XP level 5. HP: 34/34 MP: 4/8
  2508 | D:3      | Noticed Terence
  2522 | D:3      | Killed Terence
  2609 | D:3      | Reached * piety under Cheibriados
  2689 | D:3      | Reached skill level 5 in Unarmed Combat
  2689 | D:3      | Reached XP level 6. HP: 23/39 MP: 6/10
  3099 | D:3      | Reached ** piety under Cheibriados
  3701 | D:4      | Slain by an orc

Vault maps used:
D:1:      roderic_chinese_lattice_arrival, lemuel_flame_loot_1
D:2:      grunt_temple_overflow_open, first_ration
D:3:      uniq_terence
D:4:      minmay_joined_circles, uniq_blork_the_orc, uniq_pikel

Skill      XL: |  1  2  3  4  5  6 |
---------------+-------------------+-----
Unarmed Combat | 4 5 |  5.6
Poison Magic   | 1 2 |  2.0
Transmutations | 3 |  3.2
Spellcasting   | 3 |  3.0
Fighting       | |  1.7
Dodging        | |  2.4

Action                   |  1- 3 |  4- 6 || total
-------------------------+-------+-------++-------
Melee: Unarmed           |    72 |   115 ||   187
       Constrict         |    18 |     3 ||    21
       Tentacles         |     8 |     1 ||     9
       Kick              |     8 |       ||     8
       Punch             |     1 |       ||     1
 Cast: Beastly Appendage |    10 |       ||    10
       Sticks to Snakes  |     7 |     1 ||     8
       Spider Form       |     3 |    17 ||    20
Invok: Bend Time         |       |     1 ||     1
  Use: Potion            |       |     2 ||     2
       Scroll            |       |     7 ||     7
 Stab: Sleeping          |     5 |       ||     5
       Invisible         |       |     2 ||     2
  Eat: Chunk             |     1 |     5 ||     6
       Ration            |     1 |       ||     1
Armor: Skin              |     8 |     4 ||    12
Dodge: Dodged            |    65 |    93 ||   158

Table legend:
 A = Spawn XP
 B = Non-spawn XP
 C = Spawn XP percentage of total XP
 D = Spawn monster count
 E = Non-spawn monster count
 F = Spawn count percentage of total count
 G = Total turns spent on level
                    A         B        C        D         E        F      G
               +---------+---------+-------+---------+---------+-------+---------
         Total |       0 |     561 |   0.0 |       0 |      75 |   0.0 |  3701
               +---------+---------+-------+---------+---------+-------+---------
           D:1 |       0 |      29 |   0.0 |       0 |      15 |   0.0 |  1097
           D:2 |       0 |     159 |   0.0 |       0 |      19 |   0.0 |  1210
           D:3 |       0 |     271 |   0.0 |       0 |      30 |   0.0 |  1156
           D:4 |       0 |     102 |   0.0 |       0 |      11 |   0.0 |   238
               +---------+---------+-------+---------+---------+-------+---------
